 Dungeon Crawl Stone Soup version 0.20.1-1-g8b1a95d (webtiles) character file.

84 dohliylev the Sneak (level 4, -5/31 HPs)
             Began as a Vampire Enchanter on Dec 17, 2017.
             Killed from afar by Robin (9 damage)
             ... with a wand of flame (?/48)
             ... on level 1 of the Dungeon.
             The game lasted 00:06:56 (2449 turns).

dohliylev the Sneak (Vampire Enchanter)             Turns: 2449, Time: 00:06:57

Health: -5/31      AC:  4    Str:  7    XL:     4   Next: 24%
Magic:  4/7        EV: 12    Int: 20    God:
Gold:   94         SH:  4    Dex: 14    Spells: 4/7 levels left

rFire    . . .     SeeInvis +   a - +1 dagger
rCold    . . .     Gourm    .   (no shield)
rNeg     + . .     Faith    .   b - +0 robe
rPois    .         Spirit   .   (no helmet)
rElec    .         Reflect  .   (no cloak)
rCorr    .         Harm     .   (no gloves)
MR       .....                  (no boots)
Stlth    ++++......             (no amulet)
Regen    0.1/turn               (no ring)
MPRegen  0.1/turn               (no ring)

@: no status effects
A: fangs 3, iridescent scales 1, large bone plates 1, see invisible, clever 1,
unbreathing
a: Bat Form


You were on level 1 of the Dungeon.
You were not thirsty.

You visited 1 branch of the dungeon, and saw 3 of its levels.

You collected 94 gold pieces.

Inventory:

Hand Weapons
 a - a +1 dagger (weapon)
Armour
 b - a +0 robe (worn)
Jewellery
 g - an uncursed amulet of guardian spirit {unknown}
Scrolls
 e - a scroll of recharging {unknown}
Potions
 d - 7 potions of blood
Books
 c - a book of Maledictions

   Spells                             Type                      Level
   a - Corona                         Hexes                        1
   b - Ensorcelled Hibernation        Hexes/Ice                    2
   c - Confuse                        Hexes                        3
   d - Tukima's Dance                 Hexes                        3
   e - Dazzling Spray                 Conjuration/Hexes            3


   Skills:
 + Level 0.6 Fighting
 - Level 1.1 Short Blades
 - Level 2.1 Dodging
 + Level 7.4 Stealth
 - Level 2.0 Spellcasting
 - Level 4.4 Hexes
 + Level 0.8 Ice Magic


You had 4 spell levels left.
You knew the following spells:

 Your Spells              Type           Power        Failure   Level  Hunger
a - Corona                Hex            ###....      2%          1    #......
b - Ensorcelled Hibernat  Hex/Ice        ##....       9%          2    ##.....


Dungeon Overview and Level Annotations

Branches:
Dungeon (3/15)

Altars:

Annotations:
D:1 Robin


Innate Abilities, Weirdness & Mutations

You have razor-sharp teeth.
You have supernaturally acute eyesight. (SInv)
You can survive without breathing.
You are partially covered in iridescent scales. (AC +2)
You are partially covered in large bone plates. (SH +4)
Your mind is acute. (Int +2)


Message History

Aim: Robin, wielding a mace, wearing an animal skin, wearing a shiny helmet and carrying a wand of flame (?/48) {zapped: 1} (chance to defeat MR: 51%) Robin looks drowsy...
The goblin shouts!
The goblin shoots a stone.
You block the stone.
Robin shouts!
You hear a shout! x3
Robin hits you with a mace!
You see here a goblin corpse.
You hit Robin.
Robin is lightly wounded.
Robin zaps a wand.
The puff of flame hits you!
The goblin shoots a stone.
The stone hits you but does no damage.
There is a stone staircase leading up here.
You see here a stone.
Robin zaps a wand.
The puff of flame hits you!
* * * LOW HITPOINT WARNING * * *
You climb upwards.
A kobold comes into view. It is wielding a short sword.
There is a stone staircase leading down here.
Robin zaps a wand.
The puff of flame hits you!
You die...

.#............# #..### #...##
....###.#####.# #..# #..#.#
.#.####.# #.# #..# #>.##.
......#.# #.###..# #..###
........#####.##...# #..# #
.#.##.#...........## #..#
.#.##.#########gK## #..#
.#.##.# #.># #..#
.#.##.#########.@# #..#
.#.##............###########..#
.#.##.#########...............#
.#..................#########.#
.#.#####..#####.###.# #.# .#^#
#..# #.# #.# #.# .#.#
#..#####.# #.# #.# .#.#
#........# #.# #.#
...#####........# #.# #.#


You could see Robin and a kobold (wandering).

Vanquished Creatures
  2 adders (D:3)
  An ooze (D:3)
  A worm (D:2)
  A dart slug (D:1)
  3 leopard geckos
  2 orcs (D:2)
  4 bats
  3 giant cockroaches
  8 goblins
  9 hobgoblins
  3 jackals (D:3)
  3 kobolds (D:1)
  A frilled lizard (D:1)
  7 rats
48 creatures vanquished.

Notes
Turn   | Place    | Note
-------+----------+-------------------------------------------
     0 | D:1      | dohliylev the Vampire Enchanter began the quest for the Orb.
     0 | D:1      | Reached XP level 1. HP: 13/13 MP: 3/3
    94 | D:1      | Reached skill level 5 in Stealth
   353 | D:1      | Reached XP level 2. HP: 11/19 MP: 3/5
   359 | D:1      | Learned a level 2 spell: Ensorcelled Hibernation
  1085 | D:2      | Reached skill level 6 in Stealth
  1152 | D:2      | Reached XP level 3. HP: 19/24 MP: 2/6
  1438 | D:2      | Noticed Robin
  1627 | D:3      | Gained mutation: You are partially covered in large bone plates. (SH +4) [potion of mutation]
  1627 | D:3      | Gained mutation: You are partially covered in iridescent scales. (AC +2) [potion of mutation]
  1627 | D:3      | Gained mutation: Your mind is acute. (Int +2) [potion of mutation]
  1645 | D:3      | Reached skill level 7 in Stealth
  1809 | D:3      | Reached XP level 4. HP: 17/31 MP: 0/7
  2449 | D:1      | Killed from afar by Robin

Skill      XL: |  1  2  3 |
---------------+----------+-----
Stealth        | 5 6 7 |  7.4
Fighting       | |  0.6
Short Blades   | |  1.1
Dodging        | |  2.1
Spellcasting   | |  2.0
Hexes          | |  4.4
Ice Magic      | |  0.8

Action                   |  1- 3 |  4- 6 || total
-------------------------+-------+-------++-------
Melee: Dagger            |   142 |    40 ||   182
       Bite              |     5 |     8 ||    13
 Cast: Corona            |     5 |     1 ||     6
       Ensorcelled Hiber |    24 |    15 ||    39
  Use: Potion            |     2 |     1 ||     3
       Scroll            |     1 |       ||     1
 Stab: Sleeping          |    19 |     5 ||    24
  Eat: Corpse            |     5 |     3 ||     8
Armor: Robe              |    23 |    23 ||    46
       Skin              |    30 |       ||    30
Dodge: Dodged            |   100 |    40 ||   140
Block: Other             |     1 |    16 ||    17
